 Dungeon Crawl Stone Soup version 0.28.0-53-g5a82cb258f (webtiles) character file.

Game seed: 3462277595746225466

142 zeram the Vandal (level 5, -3/25 HPs)
             Began as a Spriggan Hunter on May 25, 2022.
             Killed from afar by Natasha (10 damage)
             ... with a magic dart
             ... on level 3 of the Dungeon.
             The game lasted 00:03:36 (2571 turns).

zeram the Vandal (Spriggan Hunter)                  Turns: 2571, Time: 00:03:36

Health: -3/25      AC:  2    Str:  8    XL:     5   Next: 3%
Magic:  6/6        EV: 17    Int: 15    God:
Gold:   106        SH:  0    Dex: 15    Spells: 4/4 levels left

rFire   . . .      SeeInvis +   a - +1 hunting sling
rCold   . . .      Faith    .   (no shield)
rNeg    . . .      Spirit   .   c - +0 robe
rPois   .          Reflect  .   (helmet restricted)
rElec   .          Harm     .   (no cloak)
rCorr   .          Rampage  .   (gloves unavailable)
Will    .....                   (boots unavailable)
Stlth   ++........              (no amulet)
HPRegen 0.08/turn               (no ring)
MPRegen 0.10/turn               (no ring)

@: very quick
A: very small, no large weapons, unfitting armour, see invisible, speed 3
a: no special abilities


You were on level 3 of the Dungeon.
You visited 1 branch of the dungeon, and saw 3 of its levels.

You collected 106 gold pieces.

Inventory:

Hand Weapons
 a - a +1 hunting sling (weapon)
 b - a +0 short sword
 h - a +0 dagger of holy wrath
Missiles
 i - 52 stones
 n - 12 sling bullets (quivered ammo)
 o - 2 throwing nets
Armour
 c - a +0 robe (worn)
Jewellery
 e - a ring of poison resistance
 j - a ring of wizardry
Scrolls
 g - 2 scrolls of identify
 m - a scroll of enchant armour {unknown}
 p - a scroll of amnesia {unknown}
 q - a scroll of magic mapping {unknown}
Potions
 d - a potion of magic {unknown}
 f - 2 potions of curing
 k - a potion of degeneration
 l - a potion of cancellation


   Skills:
 - Level 1.5 Fighting
 + Level 7.5 Slings
 + Level 3.1 Dodging
 - Level 1.5 Stealth


You had 4 spell levels left.
You didn't know any spells.
Your spell library contained the following spells:

 Spells                   Type           Power      Damage    Failure   Level
 Slow                     Hex            0%         N/A       26%         1
 Confusing Touch          Hex            0%         N/A       63%         3
 Vampiric Draining        Necr           0%         2d6       63%         3


Dungeon Overview and Level Annotations

Branches:
Dungeon (3/15)

Altars:
Makhleb
Uskayaw
Vehumet

Annotations:
D:3 Natasha


Innate Abilities, Weirdness & Mutations

You are very small and have problems with some larger weapons.
You are too small for most types of armour.
You have supernaturally acute eyesight. (SInv)
You cover ground extremely quickly. (Speed+++)


Message History

Natasha is nearby!
You shoot a sling bullet.
The sling bullet hits Natasha but does no damage.
You shoot a sling bullet. The sling bullet barely misses Natasha.
You shoot a sling bullet. The sling bullet barely misses Natasha.
You shoot a sling bullet. The sling bullet barely misses Natasha.
You shoot a sling bullet. The sling bullet barely misses Natasha.
Natasha casts a spell at you.
You easily resist.
You shoot a sling bullet. The sling bullet hits Natasha.
Natasha is moderately wounded.
Natasha wildly gestures.
Natasha shimmers violently.
You shoot a sling bullet. The sling bullet hits Natasha.
Natasha is moderately wounded.
Natasha casts a spell.
You shoot a sling bullet. The sling bullet hits the crimson imp.
The crimson imp is lightly wounded.
You shoot a sling bullet. The sling bullet barely misses Natasha.
The crimson imp misses you. Natasha claws you.
You shoot a sling bullet. The sling bullet barely misses Natasha.
The crimson imp barely misses you. Natasha claws you.
You shoot a sling bullet.
The sling bullet closely misses Natasha.
The crimson imp closely misses you. Natasha casts a spell at you.
The magic dart hits you!
You shoot a sling bullet. The sling bullet hits Natasha.
Natasha is heavily wounded.
The crimson imp hits you.
You shoot a sling bullet. The sling bullet barely misses Natasha.
Natasha casts a spell at you. The magic dart hits you!
* * * LOW HITPOINT WARNING * * *
You are too injured to fight recklessly!
You are too injured to fight recklessly!
The crimson imp shouts, "Scamper home, thou venomed moldwarp pustule!"
Natasha casts a spell at you. The magic dart hits you!
You die...

#.
###.##............#.####
................##.##
###.###.........##...# ###
.........###.######'####..
##.##...# #####.#...#.###
.........# #_.'.8.'._##
###.##.#.# ##.#...#.###
##....#.##########'######
......(5@......##...##...
#####..h######.###_######
......(. #.# ### #
.......((. #.####### #
........... #.......# #
...........# #.†.....# #
...........# #...)...####
......((...# #....)..#...
#.....).....


You could see Natasha and a crimson imp (summoned).

Vanquished Creatures
  Natasha (D:3)
  3 gnolls (D:3)
  3 adders
  A worm (D:3)
  2 dart slugs
  An orc (D:3)
  9 ball pythons
  4 bats
  5 endoplasms
  A giant cockroach (D:2)
  3 goblins
  4 hobgoblins
  4 quokkas
  4 frilled lizards
  6 kobolds
  2 rats
53 creatures vanquished.

Notes
Turn   | Place    | Note
-------+----------+-------------------------------------------
     0 | D:1      | zeram the Spriggan Hunter began the quest for the Orb.
     0 | D:1      | Reached XP level 1. HP: 10/10 MP: 2/2
    65 | D:1      | Reached skill level 5 in Slings
   334 | D:1      | Reached XP level 2. HP: 14/14 MP: 3/3
   946 | D:2      | Reached skill level 6 in Slings
   946 | D:2      | Reached XP level 3. HP: 16/18 MP: 4/4
  2070 | D:3      | Reached XP level 4. HP: 22/22 MP: 5/5
  2078 | D:3      | Reached skill level 7 in Slings
  2162 | D:3      | Found a faded altar of an unknown god.
  2394 | D:3      | Noticed Natasha
  2399 | D:3      | Killed Natasha
  2400 | D:3      | Reached XP level 5. HP: 19/25 MP: 6/6
  2523 | D:3      | Found a burning altar of Makhleb.
  2527 | D:3      | Found a hide-covered altar of Uskayaw.
  2531 | D:3      | Found a radiant altar of Vehumet.
  2557 | D:3      | Noticed Natasha
  2571 | D:3      | Killed from afar by Natasha

Illustrated notes

Levels and vault maps discovered:
D:1:      minmay_arrival_hallway, layout_basic, st_stairs_12
D:2:      layout_loops_corners
D:3:      minmay_spotlight, layout_basic, grunt_temple_overflow_diamond,
          chequers_ecumenical_altar_simple, uniq_natasha

Skill      XL: |  1  2  3  4 |
---------------+-------------+-----
Slings         | 5 6 7 |  7.5
Dodging        | 3 |  3.1
Fighting       | |  1.5
Stealth        | |  1.5

Action                   |  1- 3 |  4- 6 || total
-------------------------+-------+-------++-------
Melee: Dagger            |     4 |       ||     4
 Fire: Hunting sling     |   116 |    77 ||   193
  Use: Scroll            |     4 |       ||     4
       Potion            |     1 |       ||     1
Armor: Robe              |     3 |     2 ||     5
Dodge: Dodged            |    22 |    13 ||    35
